 Dungeon Crawl Stone Soup version 0.30-a0-223-gcb0039aa0c (webtiles) character file.

Game seed: 3551282654116583989

33 greasedhog the Vexing (level 3, -4/21 HPs)
             Began as a Gargoyle Hexslinger on Oct 9, 2022.
             Slain by a worm (10 damage)
             ... on level 2 of the Dungeon.
             The game lasted 00:01:33 (482 turns).

greasedhog the Vexing (Gargoyle Hexslinger)          Turns: 482, Time: 00:01:34

Health: -4/21      AC:  5    Str: 13    XL:     3   Next: 29%
Magic:  3/4        EV: 12    Int: 13    God:
Gold:   17         SH:  0    Dex: 12    Spells: 3/4 levels left

rFire   . . .      SeeInvis .    a - +1 sling
rCold   . . .      Faith    .    (no shield)
rNeg    + . .      Spirit   .    c - +0 robe
rPois   ∞          Reflect  .    (no helmet)
rElec   +          Harm     .    (no cloak)
rCorr   .          Rampage  .    (no gloves)
Will    .....                    (no boots)
Stlth   +.........               (no amulet)
HPRegen 0.23/turn                (no ring)
MPRegen 0.09/turn                (no ring)

@: no status effects
A: sickness immunity, AC +3, negative energy resistance 1, electricity
resistance, torment resistance 1, petrification resistance
a: no special abilities


You were on level 2 of the Dungeon.
You visited 1 branch of the dungeon, and saw 2 of its levels.

You collected 65 gold pieces.
You spent 48 gold pieces at shops.

Inventory:

Hand Weapons
 a - a +1 sling (weapon)
Armour
 c - a +0 robe (worn)
Jewellery
 g - an amulet of reflection
Scrolls
 b - a scroll of poison
 d - a scroll of teleportation
 f - a scroll of enchant armour
Potions
 e - 2 potions of curing


   Skills:
 * Level 2.1 Fighting
 * Level 2.6 Ranged Weapons
 * Level 2.1 Dodging
 - Level 1.0 Spellcasting
 - Level 2.6 Hexes


You had 3 spell levels left.
You knew the following spells:

 Your Spells              Type           Power      Damage    Failure   Level
a - Slow                  Hex            28%        N/A       10%         1

Your spell library contained the following spells:

 Spells                   Type           Power      Damage    Failure   Level
 Inner Flame              Hex/Fire       4%         N/A       43%         3
 Portal Projectile        Hex/Tloc       8%         N/A       43%         3
 Cause Fear               Hex            3%         N/A       67%         4


Dungeon Overview and Level Annotations

Branches:
Dungeon (2/15)

Altars:

Shops:
D:1 ([?*


Innate Abilities, Weirdness & Mutations

You are immune to sickness and miasma.
Your stone body is resilient. (AC +3)
You are immune to poison.
You resist negative energy. (rN+)
You are resistant to electric shocks. (rElec)
You are resistant to unholy torment.
You are immune to petrification.


Message History

You shoot a sling bullet.
The sling bullet closely misses the adder.
The adder bites you. The worm bites you.
* * * LOW HITPOINT WARNING * * *
You are too injured to fight recklessly!
You are too injured to fight recklessly!
You are too injured to fight recklessly!
You are too injured to fight recklessly!
You are too injured to fight recklessly!
You are too injured to fight recklessly!
You are too injured to fight recklessly!
You are too injured to fight recklessly!
Unknown command.
The adder closely misses you. The adder attacks as you move away!
The adder bites you.
* * * LOW HITPOINT WARNING * * *
The adder attacks as you move away! The adder bites you.
* * * LOW HITPOINT WARNING * * *
The adder attacks as you move away! The adder bites you but does no damage.
Aiming: Slow (safe; 10% risk of failure)
Press: ? - help, Q - select action, (/) - cycle Shift-Dir - straight line, f/p - adder
Aim: an adder (almost dead, chance to affect: 52%)
The adder resists with significant effort.
A bat comes into view.
The adder bites you but does no damage. x2
Fire: a) +1 sling
Press: ? - help, Shift-Dir - straight line, f/p - adder
Aim: an adder (almost dead, 38% to hit)
You shoot a sling bullet.
The sling bullet closely misses the adder.
The sling bullet hits the worm.
The worm is lightly wounded.
The adder barely misses you.
Fire: a) +1 sling
Press: ? - help, Shift-Dir - straight line, f/p - adder
Aim: an adder (almost dead, 38% to hit)
You shoot a sling bullet. The sling bullet hits the adder.
You kill the adder!
The bat hits you but does no damage. The worm bites you!
You die...

...#.....#.#....+
#+.......†.#....# ..
#.........†.†...#
...#...........#'###
...#[.........##.#
.................###
..$...#.....#.....<####.#
..........w...####......#
......?...b@.......######
.......?...######..#
......?....# ....#
...).....#.# ####.#
##.##....#.# #.# ..
##.....# #.# . #.#.#.#
#.# ..#.#.# ..##.###


You could see a worm and a bat.

Vanquished Creatures
  An adder (D:2)
  2 dart slugs (D:1)
  A ball python (D:1)
  An endoplasm (D:1)
  8 goblins
  2 hobgoblins (D:2)
  4 kobolds (D:1)
  2 quokkas (D:1)
  A bat (D:1)
  4 frilled lizards
  4 rats
30 creatures vanquished.

Notes
Turn   | Place    | Note
-------+----------+-------------------------------------------
     0 | D:1      | greasedhog the Gargoyle Hexslinger began the quest for the
                  | Orb.
     0 | D:1      | Reached XP level 1. HP: 12/12 MP: 2/2
    14 | D:1      | Found Laowofoj's Weapon Shop.
    84 | D:1      | Reached XP level 2. HP: 13/16 MP: 3/3
   138 | D:1      | Found Onaugruz's Assorted Antiques.
   222 | D:1      | Found Plog's Antique Armour Boutique.
   232 | D:1      | Reached XP level 3. HP: 21/21 MP: 4/4
   345 | D:1      | Found Feotewn's Magic Scroll Shoppe.
   348 | D:1      | Bought a scroll of identify for 24 gold pieces
   348 | D:1      | Bought a scroll of identify for 24 gold pieces
   482 | D:2      | Slain by a worm

Illustrated notes

Levels and vault maps discovered:
D:1:      minmay_arrival_diagonal_passages, layout_rooms, serial_shops,
          nicolae_shop_window_shopping, nicolae_shop_bloodbath_and_beyond,
          nicolae_diamond_shop, shop_fountains, fountainhead
D:2:      layout_basic, serial_shops, shop_statue, nicolae_shop_stone, shop,
          shop, st_stairs_2, kennysheep_big_empty_room, uniq_robin

Skill      XL: |  1  2 |
---------------+-------+-----
Dodging        | 2 |  2.1
Fighting       | 2 |  2.1
Ranged Weapons | |  2.6
Spellcasting   | |  1.0
Hexes          | |  2.6

Action                   || total
-------------------------++-------
 Fire: Sling             ||    96
 Cast: Slow              ||     1
  Use: Scroll            ||     3
Armor: Robe              ||    12
Dodge: Dodged            ||    35

Table legend: (Time is in decaauts)
 A = Elapsed time spent in this place.
 B = Non-inter-level travel time spent in this place.
 C = Inter-level travel time spent in this place.
 D = Time resting spent in this place.
 E = Time spent auto-exploring this place.
 F = Levels seen in this place.
 G = Mean time per level.
                   A        B        C        D        E       F      G
               +--------+--------+--------+--------+--------+-----+--------+
         Total |    508 |    499 |      9 |      0 |    323 |   2 |  254.0 |
       Dungeon |    508 |    499 |      9 |      0 |    323 |   2 |  254.0 |
               +--------+--------+--------+--------+--------+-----+--------+

Top non-repeatable levels by time:
     D:1: 451 daAuts
     D:2: 57 daAuts
